 Dungeon Crawl Stone Soup version 0.23-a0-577-g2b1de94 (webtiles) character file.

16 JeffiDaFish the Grave Robber (level 2, -4/15 HPs)
             Began as a Deep Elf Necromancer on Dec 15, 2018.
             Slain by a hobgoblin
             ... wielding a +0 club
              (6 damage)
             ... on level 1 of the Dungeon.
             The game lasted 00:01:56 (561 turns).

JeffiDaFish the Grave Robber (Deep Elf Necromancer)  Turns: 561, Time: 00:01:57

Health: -4/15      AC:  3    Str:  5    XL:     2   Next: 37%
Magic:  0/8        EV: 13    Int: 19    God:
Gold:   16         SH:  0    Dex: 15    Spells: 6/7 levels left

rFire    . . .     SeeInvis .   (no weapon)
rCold    . . .     Gourm    .   (no shield)
rNeg     . . .     Faith    .   a - +0 robe
rPois    .         Spirit   .   (no helmet)
rElec    .         Reflect  .   (no cloak)
rCorr    .         Harm     .   b - +0 pair of gloves
MR       .....                  (no boots)
Stlth    ++........             (no amulet)
HPRegen  0.05/turn              (no ring)
MPRegen  0.11/turn              (no ring)

@: no status effects
A: no striking features
a: no special abilities


You were on level 1 of the Dungeon.
You were not hungry.

You visited 1 branch of the dungeon, and saw 1 of its levels.

You collected 16 gold pieces.

Inventory:

Armour
 a - a +0 robe (worn)
 b - a +0 pair of gloves (worn)
Comestibles
 c - 2 rations
 f - 3 chunks of flesh


   Skills:
 - Level 2.5 Dodging
 - Level 2.4 Stealth
 + Level 3.3 Spellcasting
 * Level 5.4 Necromancy


You had 6 spell levels left.
You knew the following spells:

 Your Spells              Type           Power        Failure   Level  Hunger
a - Pain                  Necr           ###.         1%          1    None

Your spell library contained the following spells:

 Spells                   Type           Power        Failure   Level  Hunger
 Animate Skeleton         Necr           N/A          1%          1    None
 Vampiric Draining        Necr           ###.......   4%          3    ###....
 Regeneration             Chrm/Necr      ##........   14%         3    ###....
 Animate Dead             Necr           N/A          16%         4    ####...


Dungeon Overview and Level Annotations

Branches:
Dungeon (1/15)

Altars:


Message History

Confirm with . or Enter, or press ? or * to list all spells.
Aiming: Pain (safe; 1% risk of failure)
Press: ? - help, Shift-Dir - straight line, f/p - bat
Aim: a bat (chance to defeat MR: 92%)
The bat writhes in agony!
You kill the bat!
The hobgoblin hits you but does no damage.
The hobgoblin closely misses you.
Things that are here:
a +0 club; a bat corpse You closely miss the hobgoblin.
The hobgoblin hits you but does no damage.
You hit the hobgoblin.
The hobgoblin is moderately wounded.
The hobgoblin hits you with a +0 club.
* * * LOW HITPOINT WARNING * * *
You hit the hobgoblin but do no damage.
The hobgoblin is moderately wounded.
The hobgoblin hits you with a +0 club.
You die...

*,,,,,,,,* **#..............
*,,,,*,**** *,..############.
*,,,,,,>,,***,#** ##
*,,,,,***,,*..###############
*,,,,,* **,,,.........÷......
***,,,* *,.######.........###
*,*** *,........>....####
*,*** ***#####..######
####,,,*****#@....## #
#..###.......g##### ##
#.)..###.....##*#############.
#......###.>.,,,..........#...
#........####**########......#
#..##......#####.............#
#..####.......'.÷###.#######..
#<.# ###.....'..##..# ####
#..####.......'.###.#######...


You could see a hobgoblin.

Vanquished Creatures
  A dart slug (D:1)
  2 giant cockroaches (D:1)
  2 goblins (D:1)
  3 hobgoblins (D:1)
  2 bats (D:1)
  A frilled lizard (D:1)
  A rat (D:1)
12 creatures vanquished.

Notes
Turn   | Place    | Note
-------+----------+-------------------------------------------
     0 | D:1      | JeffiDaFish the Deep Elf Necromancer began the quest for
                  | the Orb.
     0 | D:1      | Reached XP level 1. HP: 10/10 MP: 6/6
    51 | D:1      | Reached skill level 5 in Necromancy
   276 | D:1      | Reached XP level 2. HP: 12/15 MP: 4/8
   561 | D:1      | Slain by a hobgoblin

Vault maps used:
D:1:      lemuel_arrival_funnel

Skill      XL: |  1 |
---------------+----+-----
Necromancy     | 5 |  5.4
Dodging        | |  2.5
Stealth        | |  2.4
Spellcasting   | |  3.3

Action                   || total
-------------------------++-------
Melee: Unarmed           ||     8
 Cast: Pain              ||    24
  Use: Scroll            ||     2
 Stab: Sleeping          ||     1
Armor: Robe              ||     2
Dodge: Dodged            ||    17

Table legend:
 A = Non-vault XP
 B = Vault XP
 C = Vault XP percentage of total XP
 D = Non-vault monster count
 E = Vault monster count
 F = Vault count percentage of total count
                 A         B        C        D         E       F
            +---------+---------+-------+---------+---------+-------
      Total |      23 |       0 |   0.0 |      12 |       0 |   0.0
            +---------+---------+-------+---------+---------+-------
        D:1 |      23 |       0 |   0.0 |      12 |       0 |   0.0
            +---------+---------+-------+---------+---------+-------
